 Dungeon Crawl Stone Soup version 0.29.1-1-gd02db6906a (webtiles) character file.

Game seed: 7938541348278359198

1481 holycorn the Cleaver (level 8, -2/75 HPs)
             Began as a Minotaur Berserker on Sept 20, 2022.
             Was an Elder of Trog.
             Slain by an orc warrior
             ... wielding a +0 battleaxe
              (12 damage)
             ... on level 8 of the Dungeon.
             The game lasted 00:18:37 (4135 turns).

holycorn the Cleaver (Minotaur Berserker)           Turns: 4135, Time: 00:18:38

Health: -2/75      AC: 10    Str: 23    XL:     8   Next: 50%
Magic:  7/7        EV: 10    Int:  4    God:    Trog [****..]
Gold:   206        SH:  9    Dex: 11    Spells: 7/7 levels left

rFire   . . .      SeeInvis .   E - +0 hand axe (freeze)
rCold   + . .      Faith    .   F - +2 kite shield
rNeg    + . .      Spirit   .   l - +0 ring mail {rC+}
rPois   .          Reflect  .   (helmet restricted)
rElec   .          Harm     .   (no cloak)
rCorr   .          Rampage  .   (no gloves)
Will    ++...                   n - +0 pair of boots
Stlth   +.........              (no amulet)
HPRegen 1.22/turn               t - +4 ring of protection
MPRegen 0.10/turn               p - ring of positive energy

@: strong-willed, on berserk cooldown, regenerating, hasted and slowed
A: horns 2, retaliatory headbutt
a: Renounce Religion, Berserk, Trog's Hand, Brothers in Arms


You were on level 8 of the Dungeon.
You worshipped Trog.
Trog was greatly pleased with you.
You visited 1 branch of the dungeon, and saw 6 of its levels.

You collected 206 gold pieces.

Inventory:

Hand Weapons
 a - a +0 hand axe
 y - a +0 war axe
 E - a +0 hand axe of freezing (weapon)
Armour
 b - a +0 animal skin
 l - a +0 ring mail of cold resistance (worn)
 n - a +0 pair of boots (worn)
 F - a +2 kite shield (worn)
Jewellery
 p - a ring of positive energy (right hand)
 t - a +4 ring of protection (left hand)
 w - an amulet of guardian spirit
Wands
 k - a wand of digging (4)
 A - a wand of roots (11)
Scrolls
 c - 5 scrolls of identify
 e - a scroll of noise {unknown}
 f - 2 scrolls of immolation {unknown}
 h - 2 scrolls of blinking {unknown}
 o - a scroll of teleportation {unknown}
 q - a scroll of amnesia {unknown}
 r - a scroll of enchant weapon {unknown}
 x - a scroll of poison {unknown}
 z - a scroll of fear {unknown}
 B - a scroll of magic mapping {unknown}
 C - a scroll of brand weapon {unknown}
 D - a scroll of summoning {unknown}
Potions
 d - 2 potions of haste
 g - 2 potions of brilliance {unknown}
 i - 4 potions of berserk rage
 j - 2 potions of degeneration {unknown}
 m - 2 potions of flight {unknown}
 s - 2 potions of heal wounds {unknown}
 u - 2 potions of magic {unknown}
 v - a potion of invisibility {unknown}


   Skills:
 * Level 8.7 Fighting
 + Level 9.4 Axes
 + Level 3.6 Armour
 - Level 3.1 Dodging
 - Level 0.5 Stealth
 + Level 2.4 Shields


You had 7 spell levels left.
You didn't know any spells.
Your spell library contained the following spells:

 Spells                   Type           Power      Damage    Failure   Level
 Dazzling Flash           Conj/Hex       0%         N/A       100%        3
 Iskenderun's Mystic Bla  Conj/Tloc      0%         2d3       100%        4
 Starburst                Conj/Fire      0%         6d3       100%        6


Dungeon Overview and Level Annotations

Branches:
Dungeon (8/15)
 Temple: D:4-7         Lair: D:8-11

Altars:
Dithmenos
Fedhas
Kikubaaqudgha
Makhleb
Vehumet
Xom

Shops:
D:2 :


Innate Abilities, Weirdness & Mutations

You have a pair of horns on your head.
You reflexively headbutt those who attack you in melee.


Message History

You kill the orc!
Trog accepts your kill.
The orc warrior hits you with a +0 battleaxe!!
* * * LOW HITPOINT WARNING * * *
Items here: $ )))))) / [[ ††.
You are too injured to fight recklessly!
You are too injured to fight recklessly!
You barely miss the orc warrior. The orc warrior barely misses you.
You furiously retaliate!
You headbutt the orc warrior, but do no damage.
You hit the orc warrior. You freeze the orc warrior.
The orc warrior is lightly wounded.
The orc warrior barely misses you.
The orc priest hits you but does no damage.
You closely miss the orc warrior.
The orc warrior is lightly wounded.
The orc priest hits you from afar with a +0 trident.
* * * LOW HITPOINT WARNING * * *
You block the orc's attack.
The orc warrior hits you with a +0 battleaxe.
* * * LOW HITPOINT WARNING * * *
The orc cheers loudly, in orcish tradition.
The orc priest calls down the wrath of Beogh upon you.
Beogh smites you!
* * * LOW HITPOINT WARNING * * *
You feel yourself speed up. The orc barely misses you.
The orc hits you but does no damage. You block the orc warrior's attack.
The orc priest barely misses you.
You slash the orc! You freeze the orc.
You kill the orc!
Trog accepts your kill.
You hit the orc. You freeze the orc. You closely miss the orc warrior.
The orc barely misses you. You block the orc warrior's attack.
The orc priest misses you.
You hit the orc warrior but do no damage.
You headbutt the orc warrior!
The orc warrior is heavily wounded.
You hit the orc. You freeze the orc. You block the orc's attack.
The orc warrior hits you with a +0 battleaxe!
You die...

#..# ### #...# . ##..#
.. #...##### .. '..#O.
#......>. .. #..#.
#........ #.##...
#..)..... ###...oO#
#........ ......oo#
#........ ......#o####
#........
......#@o).#####.......#
......).))..).##...)...#
......#.#####..#..)....#
.....##.# #.)#..))...#
...#. #.+ +..........#
## . #.# #.)..###.### #
..# #....# #..#
.............?....
#####..+#######


You could see an orc warrior, an ogre, an orc priest and 3 orcs.

Vanquished Creatures
  Joseph (D:8)
  Sigmund (D:2)
  A black bear (D:4)
  A centaur (D:8)
  A kobold brigand (D:8)
  A necrophage (D:5)
  4 hounds
  4 orc priests
  An iguana (D:3)
  Jessica (D:2)
  6 orc wizards
  Robin (D:2)
  2 adders
  An ufetubus (D:5)
  A worm (D:2)
  3 dart slugs
  52 orcs
  11 ball pythons
  7 endoplasms
  2 giant cockroaches
  13 goblins
  7 hobgoblins
  7 jackals
  13 kobolds
  4 quokkas
  3 bats
  2 frilled lizards (D:1)
  8 rats
159 creatures vanquished.

Vanquished Creatures (others)
  An orc wizard (D:5)
1 creature vanquished.

Grand Total: 160 creatures vanquished

Notes
Turn   | Place    | Note
-------+----------+-------------------------------------------
     0 | D:1      | holycorn the Minotaur Berserker began the quest for the
                  | Orb.
     0 | D:1      | Reached XP level 1. HP: 19/19 MP: 0/0
   109 | D:1      | Reached skill level 4 in Axes
   109 | D:1      | Reached XP level 2. HP: 25/27 MP: 1/1
   361 | D:1      | Found a faded altar of an unknown god.
   604 | D:2      | Noticed Jessica
   623 | D:2      | Reached XP level 3. HP: 26/31 MP: 2/2
   626 | D:2      | Killed Jessica
   626 | D:2      | Reached ** piety under Trog
   735 | D:2      | Noticed Robin
   746 | D:2      | Reached XP level 4. HP: 19/41 MP: 3/3
   748 | D:2      | Killed Robin
  1499 | D:2      | Reached skill level 5 in Axes
  1553 | D:2      | Found Rogerrea's Book Shop.
  1564 | D:2      | Noticed Sigmund
  1572 | D:2      | Killed Sigmund
  1573 | D:2      | Reached skill level 5 in Fighting
  1573 | D:2      | Reached skill level 6 in Axes
  1573 | D:2      | Reached XP level 5. HP: 49/50 MP: 4/4
  1573 | D:2      | Reached XP level 6. HP: 56/57 MP: 5/5
  2516 | D:4      | Reached *** piety under Trog
  2721 | D:4      | Reached skill level 7 in Axes
  3165 | D:4      | Found a burning altar of Makhleb.
  3260 | D:4      | Reached XP level 7. HP: 56/64 MP: 6/6
  3448 | D:4      | Found an ancient bone altar of Kikubaaqudgha.
  3528 | D:5      | Entered Level 5 of the Dungeon
  3538 | D:5      | Reached **** piety under Trog
  3589 | D:5      | Reached skill level 8 in Axes
  3621 | D:5      | Found a shimmering altar of Xom.
  3621 | D:5      | Found a shadowy altar of Dithmenos.
  3622 | D:5      | Found a blossoming altar of Fedhas.
  3655 | D:5      | Found a radiant altar of Vehumet.
  4025 | D:5      | You fall into a shaft and drop 3 floors!
  4084 | D:8      | Reached skill level 1 in Shields
  4084 | D:8      | Reached XP level 8. HP: 57/74 MP: 7/7
  4097 | D:8      | Noticed Joseph
  4108 | D:8      | Killed Joseph
  4109 | D:8      | Reached skill level 9 in Axes
  4135 | D:8      | Slain by an orc warrior

Illustrated notes

Levels and vault maps discovered:
D:1:      minmay_arrival_nine_rooms, layout_basic,
          dilly_ecumenical_altar_fadedgnrine
D:2:      layout_loops_ring, serial_shops, nicolae_shop_trees, uniq_jessica,
          uniq_robin, uniq_sigmund
D:3:      layout_loops_ring, dreamdust_princess_corridor
D:4:      layout_loops_ring, kiku_gazebo_pond_becter, lightli_temple_of_fire
D:5:      layout_rooms, chequers_temple_overflow_statue_of_worship,
          fiery_altar_vehumet, marbit_many_paths
D:8:      layout_basic, mainiacjoe_overflow_catwalk, enter_ossuary_2,
          special_room [special_room_orc], minivault_11, uniq_joseph

Skill      XL: |  1  2  3  4  5  6  7  8 |
---------------+-------------------------+-----
Axes           | 4 6 7 8 9 |  9.4
Fighting       | 4 5 6 7 8 |  8.7
Dodging        | 3 |  3.1
Armour         | 3 |  3.6
Shields        | 1 2 |  2.4
Stealth        | |  0.5

Action                   |  1- 3 |  4- 6 |  7- 9 || total
-------------------------+-------+-------+-------++-------
Melee: Hand axe          |    67 |    78 |   114 ||   259
       Headbutt          |    12 |    13 |    23 ||    48
       War axe           |       |    35 |    21 ||    56
Invok: Berserk           |     1 |     2 |     1 ||     4
       Trog's Hand       |       |       |     1 ||     1
  Use: Scroll            |       |       |     1 ||     1
       Potion            |       |       |     1 ||     1
Armor: Animal skin       |    16 |     2 |       ||    18
       Ring mail         |       |    39 |    75 ||   114
Dodge: Dodged            |    36 |    60 |    57 ||   153
Block: Kite shield       |       |       |    49 ||    49
